Map: Jagannatha LE

Players

Vanya - Winner!

  • Race: Zerg Zerg
  • League: Master

GunGFuBanDa

  • Race: Protoss Protoss
  • League: Grandmaster

Event: DreamHack SC2 Masters 2021 Summer

VOD

Have the link to the VOD?

Description

Time

  • Played on: May 20, 2021, 12:47 p.m.
  • Length: 22:34

All games in this series

Show
View Real Time Build Order
Export as new Build Order

Vanya Zerg - Winner!

Build Orders: Hatch First 

Get SALT Encoding   

  12  0:00  Drone  
  13  0:12  Overlord  
  13  0:17  Drone  
  14  0:30  Drone x2  
  16  0:48  Drone  
  17  0:52  Hatchery  
  17  0:55  Drone  
  17  0:59  Drone  
  18  1:11  Extractor  
  18  1:14  Spawning Pool  
  18  1:17  Drone  
  17  1:20  Drone  
  18  1:29  Drone  
  19  1:39  Drone  
  20  1:49  Overlord  
  20  2:01  Queen  
  20  2:04  Queen, Zergling x2  
  20  2:05  Zergling x2  
  26  2:11  Drone  
  26  2:14  Metabolic Boost  
  27  2:16  Drone  
  27  2:22  Drone  
  29  2:27  Drone  
  30  2:37  Hatchery  
  30  2:42  Drone x2  
  31  2:48  Queen  
  33  2:54  Overlord  
  33  2:59  Drone  
  33  3:01  Queen  
  36  3:13  Drone x2  
  36  3:14  Drone  
  36  3:15  Drone  
  36  3:17  Overlord  
  40  3:20  Drone x2  
  40  3:22  Drone  
  40  3:26  Zergling x2  
  44  3:35  Overlord  
  44  3:36  Drone x2  
  44  3:39  Spore Crawler  
  45  3:42  Queen  
  45  3:43  Drone x2  
  45  3:46  Drone x2  
  51  3:51  Drone x2  
  51  3:55  Queen  
  55  4:00  Spore Crawler  
  55  4:01  Drone  
  56  4:09  Drone x5  
  56  4:12  Zergling x6  
  56  4:16  Drone  
  56  4:17  Drone  
  61  4:22  Overlord  
  61  4:23  Drone  
  61  4:28  Roach Warren  
  61  4:29  Drone  
  61  4:37  Drone x2  
  63  4:39  Drone  
  63  4:41  Extractor  
  63  4:43  Extractor  
  63  4:44  Spore Crawler  
  63  4:45  Drone x2  
  63  4:49  Drone  
  63  4:50  Drone  
  65  4:53  Drone x2, Spore Crawler  
  65  4:55  Drone  
  65  4:56  Overlord x2  
  67  5:12  Roach x3  
  72  5:19  Roach x8  
  86  5:25  Overlord  
  86  5:29  Zergling x4  
  86  5:30  Zergling x4  
  90  5:38  Queen  
  90  5:41  Queen  
  89  5:44  Overlord  
  89  5:49  Zergling x16  
  93  5:54  Ravager x4  
  97  5:58  Zergling x2  
  97  6:00  Overlord  
  97  6:01  Overlord  
  97  6:08  Ravager x2  
  97  6:09  Zergling x8  
  103  6:12  Queen  
  103  6:19  Zergling x6  
  103  6:21  Ravager  
  106  6:28  Zergling x10  
  106  6:32  Zergling x2  
  107  6:33  Zergling x4  
  99  6:41  Ravager x2  
  99  6:43  Zergling x8  
  98  6:49  Zergling x10  
  99  6:55  Zergling x8  
  99  6:58  Zergling x2  
  99  7:03  Zergling x2  
  92  7:09  Zergling x2  
  92  7:10  Zergling x2  
  89  7:16  Zergling x8  
  89  7:22  Zergling x8  
  97  7:29  Zergling x2  
  83  7:34  Evolution Chamber  
  83  7:35  Drone x2  
  79  7:38  Drone  
  79  7:40  Drone  
  79  7:42  Drone x3  
  79  7:43  Drone  
  82  7:45  Hatchery  
  82  7:49  Lair  
  82  7:50  Drone  
  79  7:51  Drone  
  79  7:52  Drone  
  79  7:58  Drone x3  
  80  7:59  Drone  
  80  8:02  Drone x2  
  80  8:05  Drone x2  
  73  8:13  Zerg Missile Weapons Level 1  
  73  8:16  Roach x4  
  79  8:24  Overlord  
  77  8:29  Roach x6  
  77  8:33  Overlord  
  86  8:36  Drone x2  
  86  8:37  Drone  
  86  8:41  Drone x3  
  92  8:43  Extractor  
  92  8:46  Baneling Nest  
  92  8:47  Drone x4, Extractor  
  90  8:48  Drone  
  90  8:49  Extractor, Drone  
  90  8:50  Drone  
  90  8:51  Overseer  
  90  8:52  Drone  
  93  8:57  Ravager x3, Glial Reconstitution  
  96  9:05  Zergling x12  
  102  9:14  Roach x4  
  110  9:19  Zergling x10  
  110  9:21  Ravager  
  110  9:22  Ravager, Overseer  
  117  9:29  Centrifical Hooks  
  117  9:30  Zergling x2  
  117  9:31  Zergling x8  
  121  9:38  Drone x2  
  121  9:40  Spore Crawler  
  121  9:42  Zergling x12  
  127  9:47  Zergling x10  
  132  9:54  Overlord x2  
  132  9:57  Overlord  
  132  9:59  Zergling x8  
  133  10:05  Overlord  
  133  10:06  Baneling x13  
  133  10:07  Baneling x3  
  133  10:08  Ravager  
  133  10:10  Baneling x4  
  133  10:13  Zerg Melee Weapons Level 1  
  134  10:16  Zergling x6  
  134  10:18  Baneling x5  
  137  10:21  Baneling x6  
  137  10:25  Zergling x6  
  137  10:27  Baneling x4  
  137  10:28  Baneling  
  140  10:31  Zergling x8  
  140  10:33  Zergling x4  
  145  10:36  Baneling x5  
  144  10:45  Zergling x18  
  151  10:56  Overlord  
  139  11:00  Zergling x18  
  131  11:06  Zergling x2  
  131  11:07  Zergling x2  
  131  11:10  Pneumatized Carapace  
  131  11:11  Overseer  
  126  11:14  Drone x5  
  122  11:24  Roach x9  
  135  11:32  Drone, Overlord  
  135  11:33  Drone x2  
  131  11:41  Roach x3  
  131  11:42  Roach x2  
  135  11:49  Overseer x2  
  135  11:52  Ravager x8  
  135  11:53  Zergling x8  
  147  11:54  Hatchery  
  147  11:59  Zergling x12  
  152  12:04  Zergling x10  
  146  12:16  Roach x5  
  146  12:21  Zerg Melee Weapons Level 2  
  156  12:25  Hydralisk Den  
  156  12:27  Drone x3, Extractor  
  156  12:28  Drone x7  
  160  12:37  Zergling x2  
  160  12:38  Zergling x6  
  160  12:42  Overlord  
  160  12:43  Zergling x4  
  166  12:49  Spine Crawler, Spore Crawler  
  166  12:50  Drone, Spine Crawler  
  163  12:52  Overseer  
  163  12:56  Zergling x12  
  166  13:02  Zergling x12  
  167  13:17  Grooved Spines, Hydralisk x3  
  173  13:26  Spine Crawler, Overlord  
  170  13:27  Baneling x14  
  170  13:28  Baneling x8  
  170  13:29  Spore Crawler  
  168  13:41  Drone  
  168  13:42  Drone  
  168  13:46  Hydralisk x6  
  181  13:49  Overlord x3  
  181  13:52  Baneling x9, Infestation Pit  
  180  14:01  Zergling x2  
  180  14:02  Zergling x14  
  180  14:06  Zergling x4  
  182  14:14  Zergling x18  
  182  14:22  Hydralisk x7  
  184  14:29  Hydralisk x4, Muscular Augments  
  175  14:35  Hydralisk x4  
  175  14:38  Zergling x4  
  147  14:42  Zergling x4  
  139  14:48  Hydralisk x4  
  141  14:55  Roach x4  
  129  15:01  Zergling x12  
  135  15:09  Zergling x14  
  142  15:14  Hive  
  142  15:18  Baneling  
  142  15:19  Baneling x8  
  142  15:25  Zergling x10  
  146  15:29  Drone x2  
  146  15:30  Drone x2  
  146  15:35  Zerg Missile Weapons Level 2  
  150  15:41  Zergling x2  
  150  15:42  Zergling x12  
  153  15:55  Zergling x18  
  142  15:57  Zergling x10  
  142  16:03  Zergling x2  
  137  16:09  Overseer  
  137  16:10  Overseer  
  137  16:12  Baneling x5  
  137  16:13  Baneling x8  
  137  16:20  Zergling x16  
  145  16:27  Viper x3  
  154  16:35  Hatchery  
  153  16:43  Zergling x26  
  154  16:58  Hydralisk  
  154  16:59  Hydralisk x9  
  165  17:10  Hydralisk x4  
  165  17:11  Hydralisk x4  
  145  17:17  Hydralisk x2  
  145  17:18  Hydralisk  
  149  17:23  Hydralisk x3  
  149  17:28  Hydralisk x2  
  155  17:32  Hydralisk  
  155  17:33  Hydralisk  
  158  17:44  Hydralisk x5  
  155  17:57  Zergling x2  
  155  17:58  Zergling x14  
  144  18:04  Zergling x22  
  145  18:11  Zergling x6  
  144  18:22  Zergling x10  
  146  18:28  Zergling x10  
  144  18:36  Hydralisk x3  
  144  18:39  Hydralisk  
  144  18:40  Hydralisk  
  136  18:49  Hydralisk x2  
  136  18:50  Hydralisk x7  
  141  19:00  Hatchery  
  138  19:04  Hydralisk x3  
  144  19:10  Hydralisk x2  
  148  19:22  Zerg Melee Weapons Level 3  
  148  19:24  Zergling x2  
  148  19:27  Overlord x2  
  149  19:33  Overseer  
  149  19:40  Overlord x2  
  145  19:45  Zergling x4  
  145  19:46  Zergling x26  
  145  19:50  Zergling x10  
  160  20:00  Zergling x16  
  168  20:09  Hydralisk x2  
  168  20:10  Lurker Den  
  158  20:27  Extractor x2  
  158  20:28  Extractor, Drone x3  
  156  20:29  Zergling x12  
  156  20:30  Zergling x14  
  168  20:38  Overlord  
  168  20:40  Drone x3  
  164  20:45  Spore Crawler  
  164  20:46  Spine Crawler  
  162  20:54  Hydralisk x5  
  162  20:57  Overlord x2  
  172  21:03  Zergling x10  
  177  21:09  Adaptive Talons  
  176  21:30  Lurker x9  
  176  21:31  Zergling x2  
  176  21:32  Zergling x16  
  174  21:43  Lurker x4  
  174  21:45  Extractor x2  
  174  21:46  Drone x2, Spine Crawler x2  
  173  21:57  Zergling x18  
  173  21:59  Lurker  
  173  22:00  Lurker  
Show
View Real Time Build Order
Export as new Build Order

GunGFuBanDa Protoss 

Build Orders: 1 Gate Expand, Oracle Opening 

Get SALT Encoding   

  12  0:00  Probe  
  13  0:12  Probe  
  14  0:18  Pylon  
  14  0:24  Probe (Chrono Boost)  
  15  0:37  Probe (Chrono Boost)  
  15  0:39  Gateway  
  16  0:45  Probe (Chrono Boost)  
  16  0:49  Assimilator  
  17  0:51  Probe  
  18  1:04  Probe  
  19  1:16  Probe  
  20  1:26  Nexus  
  20  1:37  Cybernetics Core  
  20  1:38  Probe  
  21  1:44  Assimilator  
  21  1:50  Probe (Chrono Boost)  
  21  1:52  Pylon  
  23  2:01  Probe (Chrono Boost)  
  23  2:08  Probe (Chrono Boost)  
  23  2:14  Adept  
  26  2:21  Probe (Chrono Boost), Stargate  
  27  2:26  Probe (Chrono Boost)  
  28  2:30  Warp Gate  
  29  2:38  Probe (Chrono Boost)  
  29  2:39  Probe (Chrono Boost)  
  30  2:44  Adept  
  30  2:47  Probe (Chrono Boost)  
  30  2:50  Probe (Chrono Boost)  
  34  2:52  Probe (Chrono Boost)  
  35  2:59  Probe  
  35  3:02  Oracle (Chrono Boost)  
  35  3:04  Probe  
  40  3:11  Probe, Gateway  
  41  3:17  Probe  
  41  3:18  Pylon  
  42  3:25  Probe  
  43  3:29  Probe  
  43  3:33  Oracle (Chrono Boost)  
  44  3:34  Pylon  
  44  3:37  Probe  
  44  3:41  Probe  
  49  3:49  Nexus  
  49  3:52  Probe  
  49  3:55  Probe  
  50  4:12  Probe x2  
  50  4:13  Pylon  
  52  4:17  Robotics Facility  
  52  4:20  Zealot  
  54  4:31  Probe x2, Pylon  
  54  4:32  Assimilator  
  54  4:36  Pylon  
  56  4:39  Assimilator  
  56  4:43  Probe x2  
  56  4:44  Sentry  
  60  4:47  Pylon  
  60  4:55  Probe x2  
  60  4:56  Twilight Council, Forge  
  62  5:02  Probe, Sentry  
  62  5:05  Immortal (Chrono Boost)  
  62  5:06  Shield Battery  
  69  5:08  Probe x2  
  71  5:14  Probe  
  71  5:20  Probe  
  71  5:21  Probe  
  71  5:25  Zealot  
  71  5:26  Probe  
  74  5:30  Protoss Ground Weapons Level 1  
  74  5:32  Probe, Blink  
  74  5:33  Probe  
  76  5:38  Probe  
  76  5:42  Robotics Bay  
  79  5:44  Probe  
  79  5:45  Probe  
  77  5:55  Gateway  
  77  5:56  Gateway  
  75  6:01  Photon Cannon  
  75  6:02  Photon Cannon, Stalker x2  
  75  6:03  Immortal (Chrono Boost)  
  79  6:04  Shield Battery  
  79  6:05  Shield Battery  
  79  6:11  Photon Cannon  
  83  6:15  Shield Battery  
  83  6:17  Pylon  
  83  6:21  Pylon  
  83  6:23  Shield Battery  
  83  6:30  Stalker x2  
  83  6:31  Disruptor (Chrono Boost)  
  83  6:35  Photon Cannon  
  81  6:43  Shield Battery  
  77  6:49  Photon Cannon  
  77  6:51  Photon Cannon  
  77  6:53  Stalker x3  
  83  6:57  Disruptor (Chrono Boost)  
  77  7:02  Void Ray (Chrono Boost)  
  77  7:12  Gateway x2  
  77  7:13  Gateway  
  74  7:17  Zealot  
  74  7:18  Zealot  
  74  7:21  Probe  
  74  7:22  Probe  
  77  7:31  Probe  
  75  7:42  Zealot x2  
  69  7:46  Probe  
  69  7:48  Probe  
  69  7:49  Cybernetics Core  
  65  7:52  Gateway  
  65  8:00  Probe  
  65  8:03  Zealot  
  65  8:04  Zealot  
  65  8:05  Pylon  
  70  8:16  Nexus  
  70  8:26  Pylon  
  70  8:29  Stalker x3, Sentry x2  
  79  8:53  Assimilator  
  79  8:55  Assimilator  
  79  8:59  Robotics Facility  
  79  9:05  Photon Cannon  
  79  9:07  Photon Cannon  
  79  9:23  Dark Shrine  
  79  9:29  Probe (Chrono Boost)  
  79  9:30  Photon Cannon  
  82  9:35  Probe (Chrono Boost)  
  82  9:36  Probe (Chrono Boost)  
  83  9:39  Probe (Chrono Boost)  
  83  9:43  Probe (Chrono Boost)  
  83  9:44  Stalker x2, Sentry  
  90  9:46  Probe  
  90  9:49  Probe  
  92  9:53  Stalker, Robotics Bay  
  92  9:54  Zealot  
  92  9:59  Phoenix (Chrono Boost)  
  96  10:01  Shield Battery  
  96  10:07  Shield Battery  
  98  10:10  Photon Cannon  
  100  10:15  Probe  
  100  10:16  Probe  
  100  10:17  Void Ray  
  104  10:22  Immortal (Chrono Boost)  
  104  10:25  Sentry  
  104  10:26  Stalker x2  
  114  10:32  Zealot  
  114  10:35  Pylon  
  116  10:40  Photon Cannon  
  116  10:42  Pylon  
  116  10:46  Dark Templar  
  87  11:04  Dark Templar x2  
  87  11:10  Disruptor (Chrono Boost)  
  81  11:11  Probe x2  
  86  11:18  Probe  
  86  11:23  Probe  
  88  11:28  Sentry  
  88  11:29  Stalker x2  
  88  11:30  Photon Cannon  
  88  11:32  Photon Cannon  
  86  11:42  Disruptor (Chrono Boost)  
  82  11:47  Stalker  
  82  11:48  Stalker  
  82  11:51  Gateway  
  82  11:52  Gateway  
  82  11:53  Pylon  
  86  11:59  Stalker, Sentry x2  
  86  12:00  Shield Battery  
  92  12:01  Archon  
  92  12:07  Disruptor (Chrono Boost)  
  95  12:20  Zealot  
  95  12:22  Dark Templar  
  99  12:25  Protoss Ground Weapons Level 2 (Chrono Boost)  
  99  12:26  Charge (Chrono Boost)  
  99  12:36  Immortal (Chrono Boost)  
  103  12:41  Nexus  
  103  12:42  Pylon  
  103  12:47  Stalker, Sentry  
  104  12:55  Nexus  
  104  12:59  Stalker x5  
  117  13:13  Immortal (Chrono Boost)  
  117  13:24  Gateway  
  117  13:30  Pylon, Dark Templar  
  117  13:33  Stalker x3  
  125  13:34  Nexus  
  125  13:36  Pylon  
  125  13:37  Pylon  
  125  13:44  Pylon  
  125  13:45  Pylon  
  125  13:48  Fleet Beacon  
  125  13:49  Observer  
  125  13:50  Probe x2  
  122  14:07  Stalker x6  
  123  14:17  Immortal (Chrono Boost)  
  118  14:25  Stalker x2  
  119  14:37  Stalker x6  
  120  14:40  Probe  
  117  14:52  Nexus  
  103  15:00  Carrier (Chrono Boost)  
  103  15:01  Pylon  
  103  15:07  Stalker x3, Sentry x3  
  111  15:10  Probe  
  122  15:15  Observer  
  123  15:25  Shield Battery  
  123  15:31  Protoss Air Weapons Level 1 (Chrono Boost)  
  123  15:35  Dark Templar  
  125  15:44  Immortal (Chrono Boost)  
  119  15:57  Stalker x3  
  117  16:12  Stalker, Sentry  
  117  16:13  Stalker  
  123  16:23  Sentry  
  123  16:24  Stalker  
  127  16:27  Nexus  
  127  16:34  Zealot, Dark Templar x2  
  132  16:45  Stalker x2  
  132  16:55  Pylon  
  132  17:01  Photon Cannon  
  131  17:16  Stalker x8  
  147  17:27  Observer  
  111  18:05  Stalker x8  
  123  18:18  Nexus  
  123  18:19  Pylon  
  120  18:24  Shield Battery  
  114  18:37  Zealot x5  
  114  18:38  Zealot x3  
  116  18:53  Observer  
  112  19:06  Assimilator  
  112  19:07  Assimilator  
  112  19:11  Sentry  
  112  19:12  Templar Archives  
  114  19:23  Immortal  
  118  19:31  Dark Templar  
  120  19:44  Nexus  
  120  19:45  Pylon, Zealot x7  
  134  19:48  Psionic Storm  
  126  20:04  High Templar  
  126  20:05  High Templar  
  126  20:06  High Templar  
  130  20:07  Observer  
  124  20:24  Zealot x4  
  126  20:48  High Templar x4  
  134  20:54  Pylon  
  134  20:56  Nexus  
  134  21:05  Dark Templar  
  134  21:08  Nexus  
  134  21:10  Pylon  
  110  21:41  Dark Templar  
  110  21:42  High Templar  
  110  21:43  High Templar  
  110  21:47  Archon  
  116  21:51  Zealot  
  112  22:08  Photon Cannon  
  112  22:10  Shield Battery  
  100  22:22  Archon  
  86  22:30  Zealot x4  
Tags
 
Add a new tag
Caveats
  • Supply blocks, unpowered buildings, or Contaminate may cause inaccurate times.
  • Supply counts are checked every 10 seconds.